 Dungeon Crawl Stone Soup version 0.30.0-29-ga12c61a403 (webtiles) character file.

Game seed: 16888952095705164496

23 ChadusMaximus the Caller (level 2, -3/19 HPs)
             Began as a Barachi Summoner on June 24, 2023.
             Slain by a hobgoblin
             ... wielding a +0 club
             ... led by Robin
              (6 damage)
             ... on level 2 of the Dungeon.
             The game lasted 00:01:01 (846 turns).

ChadusMaximus the Caller (Barachi Summoner)          Turns: 846, Time: 00:01:02

Health: -3/19      AC:  2    Str:  9    XL:     2   Next: 95%
Magic:  4/5        EV: 12    Int: 15    God:
Gold:   42         SH:  0    Dex: 12    Spells: 5/6 levels left

rFire   . . .        c - +0 long sword
rCold   . . .        (no shield)
rNeg    . . .        a - +0 robe
rPois   .            (no helmet)
rElec   .            (no cloak)
rCorr   +            (no gloves)
SInv    .            (no boots)
Will    .....        (no amulet)
Stlth   ++           d - ring of resist corrosion
HPRegen 0.23/turn    (no ring)
MPRegen 0.09/turn

%: no passive effects
@: unable to hop, slow
A: amphibious, slowness 1, strong legs 1, +LOS
a: Hop


You were on level 2 of the Dungeon.
You visited 1 branch of the dungeon, and saw 2 of its levels.

You collected 42 gold pieces.

Inventory:

Hand Weapons
 c - a +0 long sword (weapon)
Armour
 a - a +0 robe (worn)
Jewellery
 d - a ring of resist corrosion (left hand)
Scrolls
 e - a scroll of noise {unknown}
Potions
 b - a potion of magic


   Skills:
 + Level 2.6 Dodging
 - Level 1.9 Stealth
 + Level 2.5 Spellcasting
 * Level 5.3 Summonings


You had 5 spell levels left.
You knew the following spells:

 Your Spells              Type           Power      Damage    Failure   Level
a - Summon Small Mammal   Summ           68%        N/A       2%          1

Your spell library contained the following spells:

 Spells                   Type           Power      Damage    Failure   Level
 Call Imp                 Summ           34%        N/A       3%          2
 Call Canine Familiar     Summ           17%        N/A       7%          3
 Summon Guardian Golem    Hex/Summ       9%         N/A       22%         3
 Summon Lightning Spire   Summ/Air       9%         N/A       56%         4


Dungeon Overview and Level Annotations

Branches:
Dungeon (2/15)

Altars:


Innate Abilities, Weirdness & Mutations

You are amphibious.
You cover ground slowly.
You can hop short distances.
You have an extended range of vision and can be seen from far away.


Message History

Your rat barely misses the goblin.
There are no items here.
There are no items here.
There are no items here.
Casting: Summon Small Mammal (safe; 2% risk of failure)
Confirm with . or Enter, or press ? or * to list all spells.
Your rat barely misses the goblin.
The goblin closely misses your rat.
You swap places.
The goblin hits your rat with a +0 club.
Your rat dies!
Your rat's corpse disappears in a puff of smoke!
Your bat hits the goblin. The goblin misses your bat.
Your bat hits the goblin.
You swap places.
Your bat hits the goblin. x2
The goblin closely misses your bat.
Your bat hits the goblin.
The goblin dies!
Casting: Summon Small Mammal (safe; 2% risk of failure)
Confirm with . or Enter, or press ? or * to list all spells.
Your bat closely misses the goblin.
The hobgoblin attacks as you move away! The hobgoblin closely misses you.
Your bat hits the goblin. The hobgoblin attacks as you move away!
The hobgoblin hits you with a +0 club.
* * * LOW HITPOINT WARNING * * *
Your bat hits the goblin.
Your quokka barely misses the goblin.
The goblin misses your bat.
You see here a bat corpse.
The hobgoblin attacks as you move away! The hobgoblin hits you with a +0 club.
* * * LOW HITPOINT WARNING * * *
Your bat hits the goblin. Your quokka misses the goblin.
The goblin hits your bat with a +0 club.
Your bat dies!
Your bat's corpse disappears in a puff of smoke!
Your quokka barely misses the goblin.
The goblin closely misses your quokka.
Hop to where?
Press: ? - help, Dir - move target Boing!
Your quokka bites the goblin.
The goblin dies!
Unknown command.
You completely miss the hobgoblin. The hobgoblin hits you with a +0 club.
You die...

### ##...
########...#
#<.@.....# ##.. ..
#..gr....# ...#.#.
#○†g)....# ~.≈#~.#
#.).g)...# #♣.~.~~..
#........###.~.~.♣~.
#######.###.≈~...~♣~
#)# #..~..#~g~ #.#
#.~~..~~~. #g#
#..♣g~.≈.≈


You could see a hobgoblin (ally target), 2 goblins and a friendly quokka
(summoned).

Vanquished Creatures
  A ball python (D:1)
  2 endoplasms
  2 hobgoblins (D:2)
  A kobold (D:1)
  A quokka (D:1)
  2 bats
  2 frilled lizards (D:1)
  2 goblins
  A rat (D:1)
14 creatures vanquished.

Vanquished Creatures (collateral kills)
  4 goblins
  A hobgoblin (D:1)
  A ball python (D:2)
  A kobold (D:1)
  A rat (D:1)
8 creatures vanquished.

Grand Total: 22 creatures vanquished

Notes
Turn   | Place    | Note
-------+----------+-------------------------------------------
     0 | D:1      | ChadusMaximus the Barachi Summoner began the quest for the
                  | Orb.
     0 | D:1      | Reached XP level 1. HP: 13/13 MP: 3/3
    72 | D:1      | Reached skill level 5 in Summonings
   137 | D:1      | Reached XP level 2. HP: 19/19 MP: 5/5
   846 | D:2      | Slain by a hobgoblin

Illustrated notes

Levels and vault maps discovered:
D:1:      erik_arrival_triangle_small, layout_loops_cross
D:2:      layout_rooms, chequers_serial_rivers_marsh, nrook_campfire, uniq_robin

Skill      XL: |  1 |
---------------+----+-----
Summonings     | 5 |  5.3
Dodging        | |  2.6
Stealth        | |  1.9
Spellcasting   | |  2.5

Action                     || total
---------------------------++-------
  Melee: Long sword        ||    44
         Unarmed           ||     4
   Cast: Summon Small Mamm ||     8
Ability: Hop               ||     2
   Stab: Sleeping          ||     1
 Armour: Robe              ||    12
  Dodge: Dodged            ||    38
